General information
- name: BNet
- type: Ladder team game (AT/RT)
- host: Battle.net
- saver: ADragonsHoard
map: GolemsInTheMist
- players: 8
- length: 80:32
- speed: Fast
- version: 1.26 W3XP
- replay type: Public
» download(264 KB)
Players
team 1 (winner)

»
LiveNaTreeHouse (
teal | 54 APM | 384 actions | 07:10)
1 Keeper of the Grove
1 Force of Nature
» actions
| Assign group hotkey | 17 | |
| Basic commands | 1 | |
| Build / train | 21 | |
| Enter build submenu | 9 | |
| Enter hero's abilities submenu | 1 | |
| Right click | 100 | |
| Select / deselect | 109 | |
| Select group hotkey | 94 | |
| Use ability | 32 | |
384 total
» units
» buildings
| Moon Well | 3 | |
| Altar of Elders | 1 | |
| Ancient of War | 1 | |
| Tree of Ages | 1 | |
| Hunter's Hall | 1 | |
| Ancient Protector | 2 | |
| Tree of Eternity | 1 | |
10 total
» build order
00:09 Moon Well
00:14 Altar of Elders
01:20 Moon Well
01:26 Ancient of War
01:44 Moon Well
02:45 Tree of Ages
03:55 Hunter's Hall
05:49 Ancient Protector
06:21 Tree of Eternity
06:25 Ancient Protector
i-am-NAZl (
orange | 20 APM | 1626 actions | 80:32)
2 Keeper of the Grove
1 Entangling Roots
1 Force of Nature
» actions
| Assign group hotkey | 12 | |
| Build / train | 62 | |
| ESC pressed | 1 | |
| Enter build submenu | 32 | |
| Enter hero's abilities submenu | 2 | |
| Remove unit from queue | 4 | |
| Right click | 912 | |
| Select / deselect | 320 | |
| Select group hotkey | 187 | |
| Use ability | 94 | |
1626 total
» units
| Wisp | 38 | |
| Hippogryph | 11 | |
| Goblin Zeppelin | 2 | |
51 total
» upgrades
| Strength of the Wild | 1 | |
| Reinforced Hides | 1 | |
2 total
» buildings
| Altar of Elders | 2 | |
| Moon Well | 9 | |
| Tree of Ages | 1 | |
| Hunter's Hall | 1 | |
| Ancient Protector | 1 | |
| Ancient of Wind | 2 | |
| Tree of Life | 11 | |
27 total
» build order
01:24 Altar of Elders
02:03 Moon Well
02:34 Moon Well
03:57 Moon Well
04:42 Tree of Ages
04:55 Hunter's Hall
06:26 Ancient Protector
07:05 Ancient of Wind
07:11 Ancient of Wind
11:03 Moon Well
11:03 Moon Well
11:04 Moon Well
11:05 Moon Well
13:04 Tree of Life
13:20 Tree of Life
14:25 Tree of Life
17:54 Tree of Life
18:04 Altar of Elders
22:26 Moon Well
28:06 Tree of Life
34:16 Tree of Life
44:03 Tree of Life
47:49 Tree of Life
50:46 Tree of Life
51:09 Moon Well
51:42 Tree of Life
51:55 Tree of Life

»
Tauranus (
yellow | 26 APM | 517 actions | 19:45)
5 Paladin
2 Holy Light
2 Devotion Aura
1 Divine Shield
» actions
| Assign group hotkey | 5 | |
| Basic commands | 3 | |
| Build / train | 51 | |
| Enter build submenu | 15 | |
| Enter hero's abilities submenu | 5 | |
| Right click | 162 | |
| Select / deselect | 170 | |
| Select group hotkey | 57 | |
| Use ability | 48 | |
517 total
» units
| Peasant | 13 | |
| Footman | 5 | |
| Rifleman | 6 | |
| Gryphon Rider | 4 | |
28 total
» upgrades
| Gunpowder | 2 | |
| Armor | 2 | |
| Lumber Harvesting | 2 | |
6 total
» buildings
| Lumber Mill | 1 | |
| Altar of Kings | 1 | |
| Scout Tower | 4 | |
| Guard Tower | 3 | |
| Barracks | 1 | |
| Farm | 16 | |
| Blacksmith | 1 | |
| Keep | 1 | |
| Castle | 1 | |
| Arcane Vault | 1 | |
| Gryphon Aviary | 2 | |
32 total
» build order
00:25 Lumber Mill
00:34 Altar of Kings
00:46 Scout Tower
00:50 Scout Tower
01:42 Guard Tower
01:45 Guard Tower
01:54 Barracks
02:07 Farm
02:09 Farm
02:11 Farm
02:14 Farm
03:44 Blacksmith
04:39 Scout Tower
04:39 Scout Tower
04:48 Keep
05:33 Guard Tower
06:03 Farm
06:04 Farm
06:05 Farm
07:36 Castle
08:23 Arcane Vault
10:28 Gryphon Aviary
10:34 Gryphon Aviary
14:59 Farm
14:59 Farm
15:00 Farm
15:01 Farm
15:01 Farm
15:01 Farm
15:03 Farm
15:03 Farm
15:04 Farm
» items
| Scroll of Town Portal | 2 | |
| Orb of Fire | 1 | |
| Potion of Healing | 1 | |
| Potion of Mana | 2 | |
6 total

»
Mangiafuoco (
red | 22 APM | 1783 actions | 80:32)
1 Keeper of the Grove
1 Entangling Roots
1 Demon Hunter
1 Immolation
» actions
| Assign group hotkey | 1 | |
| Basic commands | 1 | |
| Build / train | 85 | |
| ESC pressed | 7 | |
| Enter build submenu | 87 | |
| Enter hero's abilities submenu | 2 | |
| Remove unit from queue | 6 | |
| Right click | 966 | |
| Select / deselect | 395 | |
| Select group hotkey | 4 | |
| Use ability | 229 | |
1783 total
» units
» upgrades
| Nature's Blessing | 0 | |
| Ultravision | 1 | |
1 total
» buildings
| Moon Well | 7 | |
| Hunter's Hall | 1 | |
| Ancient Protector | 50 | |
| Altar of Elders | 2 | |
| Tree of Ages | 1 | |
| Tree of Life | 8 | |
69 total
» build order
01:31 Moon Well
01:35 Moon Well
02:01 Hunter's Hall
03:33 Ancient Protector
03:49 Ancient Protector
04:02 Altar of Elders
05:02 Ancient Protector
05:35 Ancient Protector
06:05 Ancient Protector
06:07 Ancient Protector
06:54 Ancient Protector
07:03 Ancient Protector
07:11 Ancient Protector
07:14 Ancient Protector
08:23 Ancient Protector
08:44 Ancient Protector
08:46 Ancient Protector
09:35 Ancient Protector
10:00 Ancient Protector
10:05 Ancient Protector
10:33 Ancient Protector
10:38 Ancient Protector
10:52 Ancient Protector
10:56 Ancient Protector
11:34 Ancient Protector
11:39 Ancient Protector
11:59 Ancient Protector
12:00 Ancient Protector
12:06 Ancient Protector
12:07 Ancient Protector
12:20 Ancient Protector
12:23 Ancient Protector
12:45 Ancient Protector
12:49 Ancient Protector
12:52 Ancient Protector
12:56 Ancient Protector
13:39 Ancient Protector
13:54 Ancient Protector
14:55 Ancient Protector
14:56 Ancient Protector
16:09 Ancient Protector
16:11 Ancient Protector
16:13 Ancient Protector
16:25 Ancient Protector
17:01 Ancient Protector
17:02 Ancient Protector
17:50 Ancient Protector
18:30 Ancient Protector
18:32 Ancient Protector
18:32 Ancient Protector
18:45 Ancient Protector
18:49 Ancient Protector
19:00 Ancient Protector
19:37 Tree of Ages
20:22 Ancient Protector
29:20 Tree of Life
29:56 Tree of Life
30:04 Tree of Life
42:09 Moon Well
42:21 Altar of Elders
42:56 Moon Well
43:42 Moon Well
43:50 Moon Well
43:53 Moon Well
44:31 Tree of Life
44:36 Tree of Life
45:13 Tree of Life
46:11 Tree of Life
49:14 Tree of Life
team 2 (loser)
imwastedagain (
purple | 4 APM | 237 actions | 58:30)
4 Death Knight
2 Death Coil
2 Unholy Aura
3 Lich
1 Frost Armor
2 Frost Nova
» actions
| Basic commands | 39 | |
| Build / train | 40 | |
| Enter build submenu | 14 | |
| Enter hero's abilities submenu | 6 | |
| Give item / drop item | 1 | |
| Right click | 2 | |
| Select / deselect | 103 | |
| Use ability | 32 | |
237 total
» units
| Acolyte | 2 | |
| Ghoul | 3 | |
| Frost Wyrm | 6 | |
11 total
» upgrades
| Creature Attack | 3 | |
| Creature Carapace | 3 | |
| Freezing Breath | 1 | |
7 total
» buildings
| Graveyard | 1 | |
| Crypt | 1 | |
| Altar of Darkness | 1 | |
| Ziggurat | 7 | |
| Tomb of Relics | 1 | |
| Spirit Tower | 5 | |
| Halls of the Dead | 1 | |
| Black Citadel | 1 | |
| Sacrificial Pit | 1 | |
| Boneyard | 2 | |
21 total
» build order
01:18 Graveyard
01:22 Crypt
01:27 Altar of Darkness
01:31 Ziggurat
01:35 Tomb of Relics
01:40 Ziggurat
02:33 Ziggurat
02:54 Spirit Tower
03:04 Spirit Tower
03:33 Ziggurat
04:03 Halls of the Dead
04:43 Spirit Tower
06:24 Black Citadel
06:35 Sacrificial Pit
06:42 Ziggurat
06:49 Ziggurat
07:28 Ziggurat
07:58 Spirit Tower
08:22 Spirit Tower
08:58 Boneyard
09:38 Boneyard
» items
| Potion of Healing | 3 | |
| Orb of Corruption | 1 | |
| Scroll of Town Portal | 1 | |
5 total
ADragonsHoard (
blue | 54 APM | 4327 actions | 80:32)
9 Blademaster
3 Wind Walk
3 Critical Strike
1 Bladestorm
2 Mirror Image
» actions
| Assign group hotkey | 70 | |
| Basic commands | 539 | |
| Build / train | 101 | |
| Enter build submenu | 66 | |
| Enter hero's abilities submenu | 9 | |
| Give item / drop item | 9 | |
| Remove unit from queue | 3 | |
| Right click | 1408 | |
| Select / deselect | 552 | |
| Select group hotkey | 719 | |
| Use ability | 851 | |
4327 total
» units
| Peon | 18 | |
| Grunt | 4 | |
| Goblin Shredder | 2 | |
| Troll Batrider | 7 | |
| Wind Rider | 3 | |
| Goblin Zeppelin | 1 | |
| Demolisher | 5 | |
| Goblin Sapper | 4 | |
44 total
» upgrades
| Liquid Fire | 1 | |
| Ranged Weapons | 3 | |
| Troll Regeneration | 1 | |
| Armor | 3 | |
| Reinforced Defenses | 1 | |
| Envenomed Spears | 1 | |
| Spiked Barricades | 3 | |
| Ensnare | 1 | |
| Pillage | 1 | |
| Melee Weapons | 2 | |
| War Drums Damage Increase | 1 | |
| Backpack | 1 | |
| Berserker Strength | 1 | |
| Berserker Upgrade | 0 | |
| Burning Oil | 1 | |
21 total
» buildings
| Orc Burrow | 4 | |
| Altar of Storms | 1 | |
| Barracks | 2 | |
| Voodoo Lounge | 1 | |
| Stronghold | 1 | |
| Beastiary | 6 | |
| War Mill | 2 | |
| Great Hall | 6 | |
| Fortress | 4 | |
| Watch Tower | 73 | |
100 total
» build order
00:24 Orc Burrow
00:40 Altar of Storms
00:51 Barracks
01:08 Orc Burrow
01:49 Voodoo Lounge
03:05 Stronghold
03:46 Orc Burrow
04:45 Orc Burrow
05:33 Beastiary
05:34 Beastiary
05:45 War Mill
06:17 Great Hall
06:34 Fortress
06:34 Fortress
10:08 War Mill
12:18 Watch Tower
12:18 Watch Tower
12:18 Watch Tower
12:20 Watch Tower
12:20 Watch Tower
12:21 Watch Tower
15:05 Beastiary
15:05 Beastiary
16:16 Beastiary
16:17 Beastiary
16:29 Watch Tower
16:29 Watch Tower
16:31 Watch Tower
16:32 Watch Tower
16:42 Watch Tower
16:43 Watch Tower
16:43 Watch Tower
16:44 Watch Tower
16:44 Watch Tower
17:32 Watch Tower
17:32 Watch Tower
17:32 Watch Tower
17:34 Watch Tower
17:35 Watch Tower
17:35 Watch Tower
17:36 Watch Tower
17:37 Watch Tower
17:39 Watch Tower
17:39 Watch Tower
20:47 Watch Tower
20:49 Watch Tower
20:49 Watch Tower
20:50 Watch Tower
20:50 Watch Tower
20:51 Watch Tower
20:52 Watch Tower
20:52 Watch Tower
20:55 Watch Tower
20:56 Watch Tower
20:56 Watch Tower
20:56 Watch Tower
20:57 Watch Tower
21:00 Watch Tower
21:01 Watch Tower
21:02 Watch Tower
21:02 Watch Tower
21:42 Watch Tower
21:42 Watch Tower
21:43 Watch Tower
21:44 Watch Tower
23:09 Watch Tower
23:09 Watch Tower
23:09 Watch Tower
23:11 Watch Tower
23:12 Watch Tower
30:13 Barracks
31:21 Great Hall
31:23 Watch Tower
31:23 Watch Tower
31:24 Watch Tower
31:25 Watch Tower
31:25 Watch Tower
31:27 Watch Tower
31:28 Watch Tower
31:28 Watch Tower
31:29 Watch Tower
33:20 Great Hall
33:24 Watch Tower
33:24 Watch Tower
33:25 Watch Tower
33:26 Watch Tower
33:27 Watch Tower
33:28 Watch Tower
33:28 Watch Tower
33:30 Watch Tower
33:31 Watch Tower
33:32 Watch Tower
33:34 Watch Tower
46:22 Great Hall
60:03 Great Hall
61:42 Great Hall
» items
| Healing Salve | 8 | |
| Potion of Healing | 2 | |
| Potion of Mana | 1 | |
| Orb of Lightning | 1 | |
| Tiny Great Hall | 2 | |
| Lesser Clarity Potion | 1 | |
| Scroll of Town Portal | 1 | |
16 total

»
JoShGrOBaN (
pink | 51 APM | 1213 actions | 23:54)
6 Blademaster
3 Wind Walk
2 Critical Strike
1 Bladestorm
» actions
| Assign group hotkey | 17 | |
| Basic commands | 159 | |
| Build / train | 65 | |
| Enter build submenu | 11 | |
| Enter hero's abilities submenu | 6 | |
| Right click | 579 | |
| Select / deselect | 279 | |
| Select group hotkey | 42 | |
| Use ability | 55 | |
1213 total
» units
| Peon | 7 | |
| Grunt | 5 | |
| Shaman | 11 | |
| Wind Rider | 16 | |
| Kodo Beast | 1 | |
| Demolisher | 3 | |
43 total
» upgrades
| Shaman Training | 2 | |
| Envenomed Spears | 1 | |
| Ranged Weapons | 3 | |
| War Drums Damage Increase | 1 | |
| Armor | 2 | |
| Burning Oil | 1 | |
10 total
» buildings
| Altar of Storms | 1 | |
| Orc Burrow | 5 | |
| Barracks | 1 | |
| Voodoo Lounge | 1 | |
| Stronghold | 1 | |
| Fortress | 1 | |
| Beastiary | 1 | |
| Spirit Lodge | 1 | |
| War Mill | 1 | |
13 total
» build order
00:06 Altar of Storms
00:12 Orc Burrow
00:48 Barracks
01:32 Orc Burrow
01:45 Voodoo Lounge
03:36 Stronghold
04:08 Orc Burrow
06:08 Fortress
06:10 Beastiary
06:12 Spirit Lodge
07:43 Orc Burrow
09:51 War Mill
10:54 Orc Burrow
» items
| Healing Salve | 2 | |
| Orb of Lightning | 1 | |
3 total

»
ClownQuestnBro (
green | 13 APM | 1060 actions | 80:32)
7 Blademaster
3 Wind Walk
3 Critical Strike
1 Bladestorm
» actions
| Assign group hotkey | 25 | |
| Basic commands | 15 | |
| Build / train | 70 | |
| ESC pressed | 5 | |
| Enter build submenu | 22 | |
| Enter hero's abilities submenu | 7 | |
| Right click | 262 | |
| Select / deselect | 340 | |
| Select group hotkey | 251 | |
| Use ability | 63 | |
1060 total
» units
| Peon | 9 | |
| Grunt | 11 | |
| Goblin Zeppelin | 2 | |
| Goblin Shredder | 1 | |
| Shaman | 11 | |
| Troll Witch Doctor | 7 | |
| Demolisher | 4 | |
45 total
» upgrades
| Pillage | 1 | |
| Spiked Barricades | 1 | |
| Armor | 2 | |
| Melee Weapons | 2 | |
| Berserker Strength | 1 | |
| Shaman Training | 2 | |
| Witch Doctor Training | 2 | |
| Backpack | 1 | |
12 total
» buildings
| Orc Burrow | 11 | |
| Altar of Storms | 1 | |
| War Mill | 1 | |
| Barracks | 1 | |
| Watch Tower | 9 | |
| Voodoo Lounge | 1 | |
| Stronghold | 1 | |
| Fortress | 1 | |
| Spirit Lodge | 2 | |
| Great Hall | 1 | |
29 total
» build order
00:10 Orc Burrow
00:13 Altar of Storms
01:17 War Mill
01:42 Orc Burrow
02:37 Orc Burrow
04:34 Barracks
04:57 Watch Tower
04:58 Watch Tower
05:00 Watch Tower
06:14 Voodoo Lounge
06:17 Stronghold
08:52 Fortress
09:05 Spirit Lodge
10:36 Spirit Lodge
11:26 Orc Burrow
12:25 Orc Burrow
15:18 Orc Burrow
18:50 Watch Tower
18:51 Watch Tower
18:52 Watch Tower
18:53 Watch Tower
19:50 Orc Burrow
19:52 Orc Burrow
21:52 Orc Burrow
22:19 Great Hall
23:01 Watch Tower
23:01 Watch Tower
23:28 Orc Burrow
23:30 Orc Burrow
» items
| Potion of Healing | 2 | |
| Orb of Lightning | 1 | |
3 total
Chat log
(00:05 / All) ClownQuestnBro: nazi, kannst du deutsch?
(00:15 / All) i-am-NAZl: ?
(00:16 / All) Mangiafuoco: DIE JUDEN ZU TOTEN
(00:20 / All) ADragonsHoard: Ja, SIEG HEIL MEIN FUEHRER!
(00:26 / All) ClownQuestnBro: that doesn't make sense red
(00:30 / All) Mangiafuoco: oh
(00:31 / All) JoShGrOBaN: ich liebe duetschsland
(00:33 / All) ClownQuestnBro: although you used the right verb
(00:41 / All) Mangiafuoco: ich liebe das juden?
(00:44 / All) ClownQuestnBro: ;o(
(00:47 / All) Mangiafuoco: :DD
(00:49 / All) ClownQuestnBro: jews :(
(00:53 / All) Mangiafuoco: YeS YOU GOT THAT
(00:54 / All) Mangiafuoco: 1
(01:03 / All) ClownQuestnBro: you didn't fuck that up
(01:07 / All) ClownQuestnBro: but you should improve your german
(01:08 / All) Mangiafuoco: Thanks
(01:15 / All) Mangiafuoco: I speak italian lol
(01:22 / All) Mangiafuoco: i have a funny german friend
(01:23 / All) ClownQuestnBro: italian is gay
(01:26 / All) ADragonsHoard: Me ne frego
(01:38 / All) ClownQuestnBro: italians are the next country to fuck us in the euro
(01:43 / All) Mangiafuoco: QQ
(01:50 / All) ClownQuestnBro: also they have the smallest cocks
(01:52 / All) Mangiafuoco: i dont live in italy
(01:59 / All) ClownQuestnBro: good. it's a shit country.
(02:05 / All) Mangiafuoco: lol
(02:07 / All) Mangiafuoco: mad bro
(02:08 / All) Mangiafuoco: ?
(02:12 / All) Mangiafuoco: JELLY
(02:13 / All) Mangiafuoco: ?
(02:14 / All) ClownQuestnBro: nah, just judgemental
(02:19 / All) ClownQuestnBro: against stupid guido
(02:26 / All) ClownQuestnBro: Also jews and blacks and turks
(02:35 / All) JoShGrOBaN: germany sucks
(02:39 / All) ADragonsHoard: Germany #1
(02:40 / All) ClownQuestnBro: Germany is best
(02:45 / All) JoShGrOBaN: get raped in ww2
(02:48 / All) JoShGrOBaN: now shit country
(02:52 / All) ADragonsHoard: lawl
(02:57 / All) ADragonsHoard: they are the best country in Europe
(03:15 / All) ClownQuestnBro: We kicked both dutch and portugal ass
(03:21 / All) Mangiafuoco: DIE BASTAR
(03:21 / All) ClownQuestnBro: DEUTSCHLAND WIRD GEWINNEN
(03:22 / All) Mangiafuoco: D
(03:39 / All) ClownQuestnBro: if you disagree with me, then yoaure gay
(03:57 / All) JoShGrOBaN: isnt ur country led by a woman
(03:57 / All) Tauranus: my team is kinda bad..
(04:06 / All) ClownQuestnBro: yeah, merkel
(04:07 / All) ADragonsHoard: ours is led by a nigger
(04:09 / All) ClownQuestnBro: she's good
(04:13 / All) ClownQuestnBro: niggers :(
(04:14 / All) ADragonsHoard: lawl
(04:17 / All) ADragonsHoard: no she ain;t
(04:19 / All) imwastedagain: australia
(05:05 / All) Tauranus: my team is so bad
(05:12 / All) Mangiafuoco: i need an adult
(05:15 / All) Mangiafuoco: im being harassed
(05:15 / All) Mangiafuoco: rape
(05:16 / All) Mangiafuoco: rapee
(05:17 / All) ClownQuestnBro: i'm 12 and what is this
(05:27 / All) Mangiafuoco: lol
(07:11 / All) imwastedagain: no repair teal?
(07:12 / Allies) ClownQuestnBro: lol
(07:13 / Allies) ADragonsHoard: they're all getting towers lol
(07:16 / All) Tauranus: omg
(07:25 / All) Tauranus: why is my team so bad!
(07:37 / All) ClownQuestnBro: because you have a small penis
(07:46 / All) Tauranus: nah bro, monstewr cock
(07:52 / All) ClownQuestnBro: PUT IT IN MY ASS
(07:59 / All) Tauranus: nah
(08:13 / All) ClownQuestnBro: STICK IT IN MY ANAL
(08:34 / Allies) imwastedagain: lumber plz
(09:14 / All) Mangiafuoco: warpten
(09:16 / All) Mangiafuoco: whosyourdaddy
(09:21 / All) Mangiafuoco: greedisgood 100000
(09:27 / All) Mangiafuoco: ITS NOT WORKING
(09:31 / All) ClownQuestnBro: you seem upset red
(09:39 / All) JoShGrOBaN: you require more vespene gas
(09:41 / All) Mangiafuoco: im quite dander
(10:01 / All) ClownQuestnBro: wc3 seriously has the worst AI ever
(10:10 / All) Mangiafuoco: Lol real talk
(10:14 / All) imwastedagain: whats A1?
(10:19 / All) JoShGrOBaN: allen iverson
(10:21 / All) Mangiafuoco: computer reaction
(10:23 / All) Mangiafuoco: lol
(10:25 / All) ClownQuestnBro: it's what i stick in your mouth after assfucking your dad purp
(10:29 / All) imwastedagain: ok
(10:38 / All) ClownQuestnBro: you'll love it
(10:44 / All) imwastedagain: i bet
(10:46 / All) i-am-NAZl: wen they move they are so retarded
(11:08 / Allies) imwastedagain: lumber plz
(11:11 / Allies) ClownQuestnBro: fuck you
(11:55 / Allies) imwastedagain: ot ol
(13:08 / Allies) imwastedagain: lumber me blue
(13:17 / Allies) ADragonsHoard: need towers
(13:19 / All) ClownQuestnBro: blue anal me
(13:21 / All) ClownQuestnBro: bro
(13:25 / All) Mangiafuoco: DO IT
(13:46 / All) Mangiafuoco: f10 e q for auto win
(13:49 / All) Mangiafuoco: try it
(15:37 / All) Mangiafuoco: YEEE I KNIT SWEATERS
(15:42 / All) ClownQuestnBro: leave & uninstall noobs
(16:48 / Allies) ClownQuestnBro: blue, gold me
(16:49 / Allies) ClownQuestnBro: 2k
(16:55 / Allies) ADragonsHoard: gonna pump out wyvs
(17:01 / Allies) ClownQuestnBro: look nigger
(17:02 / All) i-am-NAZl: lol pink
(17:02 / Allies) ClownQuestnBro: just do it
(17:04 / All) i-am-NAZl: owned
(17:11 / All) Mangiafuoco: lol
(17:57 / All) imwastedagain: dont forget to upgrade ur towers red
(18:03 / All) Mangiafuoco: oh yeah
(18:04 / All) Mangiafuoco: thanks
(18:09 / All) imwastedagain: no worries
(19:55 / All) ClownQuestnBro: leave & uninstall noobs
(20:03 / All) Mangiafuoco: lol
(20:07 / All) Mangiafuoco: wc3
(20:10 / All) Mangiafuoco: srs buisness
(21:40 / All) ClownQuestnBro: too easy
(22:03 / All) Mangiafuoco: COME AT MEEEE
(22:27 / Allies) imwastedagain: kind of needed frost for towers
(22:28 / Allies) imwastedagain: oh well
(22:36 / Allies) imwastedagain: afk until u finish it
(22:53 / Allies) ClownQuestnBro: wtf blue
(22:56 / Allies) ClownQuestnBro: just going to leave me to die?
(23:34 / All) JoShGrOBaN: betrayed by a german jew
(23:41 / All) ClownQuestnBro: DIE JEWS
(23:58 / All) Mangiafuoco: LOL
(24:02 / All) ADragonsHoard: what's his problem?
(24:02 / All) ClownQuestnBro: wtf lol
(24:11 / All) ClownQuestnBro: must be jewis
(24:19 / All) Mangiafuoco: Lol
(24:28 / Allies) ClownQuestnBro: oh lol
(24:31 / All) ClownQuestnBro: ok, bluetk
(24:33 / All) ClownQuestnBro: LOL
(24:48 / All) ClownQuestnBro: like i care nigger
(24:49 / All) ClownQuestnBro: we win
(26:38 / All) ClownQuestnBro: i guess blue is a big nosed jew
(26:45 / All) ClownQuestnBro: otherwise he wouldn't tk my superior german base
(26:47 / All) ADragonsHoard: I resent that comment
(26:53 / All) ADragonsHoard: My base is superior
(26:55 / All) ADragonsHoard: obviously
(26:58 / All) ADragonsHoard: IT has 200 towers
(27:02 / All) ClownQuestnBro: it's 1000 times more jewish
(27:04 / All) Mangiafuoco: blue
(27:08 / All) Mangiafuoco: you should backstab
(27:09 / All) ADragonsHoard: It's just business
(27:14 / All) ClownQuestnBro: he is red
(27:21 / All) ClownQuestnBro: like a typical jew
(27:23 / All) ClownQuestnBro: taking all the gold
(27:28 / All) ADragonsHoard: I am a dragon
(27:33 / All) ADragonsHoard: note the moniker
(27:40 / All) ClownQuestnBro: pretty gay name
(27:42 / All) ClownQuestnBro: honestly
(27:50 / All) ADragonsHoard: Well yours ain't too fantastic itself
(29:31 / All) ADragonsHoard: TURNCOAT UBER ALLES IN DER WELT!
(30:18 / All) ClownQuestnBro: now blue will lose
(30:19 / All) ClownQuestnBro: lol
(30:35 / All) Mangiafuoco: NO
(30:38 / All) Mangiafuoco: FUCK OFF
(31:04 / All) ADragonsHoard: You will all have an equal chance at victory
(31:09 / All) Mangiafuoco: good
(33:30 / All) i-am-NAZl: whats going on?
(33:47 / All) ADragonsHoard: You gentlemen will compete in a Mexican Standoff
(34:01 / All) ADragonsHoard: I will leave both teams will units or unit producing buildings
(34:15 / All) ADragonsHoard: The only way to win is for the other team to leave
(34:15 / All) Mangiafuoco: lol
(34:25 / All) ADragonsHoard: Do you have the grit and determination to sit it out?
(34:27 / All) ADragonsHoard: We'll see
(34:32 / All) i-am-NAZl: yes
(34:42 / All) i-am-NAZl: ive been in a 2 hr 29 min game
(34:46 / All) Mangiafuoco: lol
(34:50 / All) Mangiafuoco: ill be here
(34:54 / All) Mangiafuoco: the entire night
(34:59 / All) ADragonsHoard: I hope this one will shatter records
(35:04 / All) ADragonsHoard: Let's try for 4 days gentlemen
(35:05 / All) i-am-NAZl: :D
(35:10 / All) i-am-NAZl: hope no power cut
(35:18 / All) Mangiafuoco: lol
(35:25 / All) Mangiafuoco: i'm down
(37:46 / All) ADragonsHoard: I will have to destroy your base
(37:55 / All) ADragonsHoard: except for non unit producing buildings
(37:59 / All) ADragonsHoard: and kill all of your units
(38:11 / All) Mangiafuoco: this is intense
(38:25 / All) i-am-NAZl: so why did u kill my well?
(38:36 / All) ADragonsHoard: Good question
(38:39 / All) Mangiafuoco: is everyone else on your team still here?
(38:45 / All) ADragonsHoard: just green and purple
(38:47 / All) Mangiafuoco: green and purp
(38:51 / All) Mangiafuoco: brave souls
(39:02 / All) i-am-NAZl: what are they doing?
(39:15 / All) ADragonsHoard: AFK
(39:23 / All) Mangiafuoco: lol
(39:30 / All) Mangiafuoco: no bluuu
(39:33 / All) Mangiafuoco: my masterpiece
(39:49 / All) i-am-NAZl: and why his towers
(39:51 / All) i-am-NAZl: ?
(39:55 / All) ADragonsHoard: because he can move them
(39:57 / All) i-am-NAZl: they dont produce
(40:05 / All) Mangiafuoco: ruuuun
(40:06 / All) Mangiafuoco: RUUUN
(40:08 / All) Mangiafuoco: NO
(40:10 / All) Mangiafuoco: MOMMY
(40:11 / All) Mangiafuoco: PLEASE
(40:21 / All) Mangiafuoco: NOOOOOOOOO
(40:24 / All) i-am-NAZl: lol
(40:41 / All) i-am-NAZl: ur fkd
(41:20 / All) Mangiafuoco: i like this blue
(42:30 / All) ADragonsHoard: YOU HAVE CREATED QUITE THE LABYRINTH SIR
(42:33 / Allies) ADragonsHoard: caps
(42:35 / All) Mangiafuoco: that took me like 10minutes
(42:35 / All) ADragonsHoard: Caps
(43:30 / All) Mangiafuoco: i would have gone on further but there was no more trees on the path
(44:18 / All) Mangiafuoco: nnooo
(45:12 / All) i-am-NAZl: :D
(45:15 / All) i-am-NAZl: :(
(46:35 / All) ADragonsHoard: How much gold do you guys have?
(46:51 / All) ADragonsHoard: I have 20,000 golden nuggets
(47:52 / All) Mangiafuoco: aw
(47:55 / All) Mangiafuoco: so unsespected
(48:08 / All) Mangiafuoco: nuuu
(48:09 / All) Mangiafuoco: stop finding them
(48:31 / All) Mangiafuoco: you
(48:33 / All) Mangiafuoco: bastard
(48:40 / All) ADragonsHoard: I'll let it live
(48:42 / All) ADragonsHoard: just kidding
(48:45 / All) Mangiafuoco: noooo
(49:21 / All) Mangiafuoco: NO
(49:31 / All) Mangiafuoco: noooo
(49:37 / All) Mangiafuoco: ITS A MOON WELL
(49:39 / All) Mangiafuoco: DONT KILL IT
(50:19 / All) Mangiafuoco: how much fun are you having blue?
(50:38 / All) ADragonsHoard: moderate amount
(51:14 / All) ADragonsHoard: www.angrypeons.vze.com
(51:19 / All) ADragonsHoard: you guys can leave me hate comments
(51:25 / All) Mangiafuoco: im having fun
(51:26 / All) ADragonsHoard: I forgot the password though
(51:27 / All) Mangiafuoco: lol
(51:35 / All) ADragonsHoard: so I can't reply
(52:47 / All) Mangiafuoco: ITS A MOON WELL
(52:49 / All) Mangiafuoco: LEAVE IT ALONE
(52:56 / All) i-am-NAZl: HEY
(52:58 / All) i-am-NAZl: OI!
(52:59 / All) ADragonsHoard: Your south base will remain unmolested
(53:01 / All) i-am-NAZl: MOON WELL
(54:14 / All) Mangiafuoco: so sad you killed my demonhunter
(54:21 / All) Mangiafuoco: that reduced the fun from like a 8 to a 5
(54:27 / All) Mangiafuoco: on a scale of 1-10
(54:36 / All) ADragonsHoard: Green this is a Mexican Standoff
(54:37 / All) Mangiafuoco: lol green
(54:48 / All) ADragonsHoard: I'm leaving both teams with no units and no way to produce units
(54:54 / All) ADragonsHoard: Thus making an artificial stalemate
(54:56 / All) Mangiafuoco: OR SO HE THINKS
(55:01 / All) Mangiafuoco: wait blue
(55:05 / All) ADragonsHoard: The only way to win is if the other team loses their nerve and decides they can't hack it anymore
(55:07 / All) Mangiafuoco: what if both your teammates leave
(55:09 / All) Mangiafuoco: before us
(55:11 / All) Mangiafuoco: will you leave?
(55:23 / All) ADragonsHoard: If they leave before I complete stand off
(55:28 / All) ADragonsHoard: then you will lose
(55:33 / All) Mangiafuoco: >.>
(55:38 / All) Mangiafuoco: so there is literally no point in staying
(55:41 / All) ADragonsHoard: There is
(55:44 / All) ADragonsHoard: I am going to leave
(55:48 / All) Mangiafuoco: OH
(55:49 / All) Mangiafuoco: LOL
(55:52 / All) Mangiafuoco: FUCKING HILARIOUS
(55:53 / All) ADragonsHoard: after I render you unable to win
(55:56 / All) Mangiafuoco: Make sure
(56:00 / All) Mangiafuoco: you kill all of your stuff too
(56:00 / All) ADragonsHoard: I am going to kill my own stuff
(56:03 / All) ADragonsHoard: Yes I will
(56:05 / All) Mangiafuoco: k
(56:10 / All) Mangiafuoco: this is hilarious
(56:13 / All) Mangiafuoco: i love you blue
(57:20 / All) Mangiafuoco: wait
(57:21 / All) Mangiafuoco: blue
(57:24 / All) Mangiafuoco: why didnt u get bats?
(57:28 / All) Mangiafuoco: to keel faster
(57:45 / All) ADragonsHoard: it doesn't take much to kill your stuff
(57:49 / All) Mangiafuoco: poor oj
(57:50 / All) ADragonsHoard: and my stuff
(57:56 / All) Mangiafuoco: true true
(58:00 / All) imwastedagain: what the fuuuuuuuuuuuuuuuuuk
(58:04 / All) imwastedagain: still going?
(58:06 / All) Mangiafuoco: HE FOUND THE ZEPP
(58:08 / All) Mangiafuoco: THATS THE MASTER
(58:11 / All) ADragonsHoard: This is called a Mexican Standoff purple
(58:11 / All) Mangiafuoco: RUN ZEPPLING
(58:16 / All) Mangiafuoco: NOOOOOOOOOO
(58:20 / All) imwastedagain: this is called a waste of time
(58:24 / All) imwastedagain: how is anyone still here
(58:26 / All) ADragonsHoard: I'm leaving both teams without a means to achieve victory
(58:32 / All) ADragonsHoard: other than in the other team leaving
(58:32 / All) Mangiafuoco: LOL
(58:33 / All) Mangiafuoco: YES
(58:39 / All) Mangiafuoco: we only have to crack green
(58:41 / All) ADragonsHoard: I suppose he doesn't have what it takes to be a champion
(59:14 / All) Mangiafuoco: my tree is in the original spot
(59:14 / All) Mangiafuoco: :S
(59:52 / All) Mangiafuoco: ...blue?
(59:56 / All) ADragonsHoard: aye?
(60:03 / All) Mangiafuoco: press f12
(60:09 / All) ADragonsHoard: what for?>
(60:12 / All) Mangiafuoco: caht
(60:14 / All) Mangiafuoco: chat
(60:17 / All) Mangiafuoco: k
(60:19 / All) Mangiafuoco: you saw it
(60:24 / All) Mangiafuoco: i just wanted you to complete the standoff
(60:33 / All) ClownQuestnBro: i'm just minizing it honestly
(60:38 / All) ClownQuestnBro: i'll leave it up for days if i need to
(60:44 / All) Mangiafuoco: Same
(60:45 / All) Mangiafuoco: brolaf
(60:49 / All) ADragonsHoard: That would be great if it broke records
(60:53 / All) ADragonsHoard: I think the longest is 15 hours
(60:56 / All) i-am-NAZl: me too
(61:05 / All) ADragonsHoard: It's too bad purple wimped out
(61:44 / All) Mangiafuoco: Blue
(61:48 / All) ADragonsHoard: Yes?
(61:49 / All) Mangiafuoco: Goodluck on your venture
(61:56 / All) i-am-NAZl: you too
(62:04 / All) i-am-NAZl: im guna go poo
(62:05 / All) ADragonsHoard: 'Tis yours
(62:14 / All) Mangiafuoco: lol
(62:39 / All) Mangiafuoco: teal and yellow should have stayed
(62:40 / All) Mangiafuoco: this is epic
(62:59 / All) i-am-NAZl: im guna google the record
(63:22 / All) Mangiafuoco: Blue
(63:26 / All) ADragonsHoard: yes?
(63:27 / All) Mangiafuoco: are you almost done killing your stuff?
(63:42 / All) ADragonsHoard: Yes, still acquiring gold though
(63:48 / All) Mangiafuoco: for?
(64:08 / All) i-am-NAZl: hey
(64:21 / All) i-am-NAZl: so are you guna render yourself unable to win?
(64:25 / All) ADragonsHoard: Yes
(64:29 / All) i-am-NAZl: sweet
(64:32 / All) i-am-NAZl: revel
(64:34 / All) i-am-NAZl: ?
(64:57 / All) Mangiafuoco: he needs to kill his halls first and for some reason he wants to harvest all of the gold first
(65:08 / All) i-am-NAZl: lol
(65:33 / All) i-am-NAZl: seriously tho i gota head down and get some dinner soon
(65:47 / All) i-am-NAZl: whats your plans again blue?
(65:50 / All) ADragonsHoard: Are you going to leave your game client on?
(65:59 / All) ADragonsHoard: To make it impossible for either team to win the game
(65:59 / All) i-am-NAZl: yeah
(66:02 / All) ADragonsHoard: Except by the other team leaving
(66:07 / All) ADragonsHoard: and I will leave myself
(66:08 / All) i-am-NAZl: yes
(66:10 / All) Mangiafuoco: Hey greeeeeeeeeeeeeeeeeen
(66:14 / All) Mangiafuoco: pussy pussy pussy
(66:24 / All) i-am-NAZl: go suck a cunt
(66:27 / All) Mangiafuoco: brb gunna play a game of LoL
(66:38 / All) i-am-NAZl: lol?
(66:42 / All) Mangiafuoco: blue do you play lol?
(66:49 / All) ADragonsHoard: Sure don't
(66:53 / All) Mangiafuoco: D'aw
(66:59 / All) ADragonsHoard: I do my DOTAing on War3 ladder
(67:06 / All) Mangiafuoco: pewpew
(67:24 / All) Mangiafuoco: they should remake this game
(67:25 / All) Mangiafuoco: wc3
(67:28 / All) Mangiafuoco: would be fucking epic
(67:38 / All) Mangiafuoco: like graphics and all
(67:39 / All) ADragonsHoard: they would flub it up
(67:49 / All) ADragonsHoard: Like they did SC2
(67:51 / All) Mangiafuoco: because i love the concept of all of the custom games
(67:53 / All) Mangiafuoco: but its so
(67:54 / All) Mangiafuoco: ...
(67:56 / All) Mangiafuoco: meh
(67:58 / All) Mangiafuoco: slow and
(68:02 / All) Mangiafuoco: you know
(68:02 / All) ADragonsHoard: SC2 they destroyed the custom games on that
(68:06 / All) ADragonsHoard: and team ladder
(68:25 / All) ADragonsHoard: and whisper system, but I do like the party system
(68:30 / All) ADragonsHoard: basically their only good innovation
(68:34 / All) Mangiafuoco: But dont you think it would be awesome if they remade this game
(68:41 / All) ADragonsHoard: If they did it right
(68:43 / All) ADragonsHoard: but they won't
(68:43 / All) Mangiafuoco: like they are redoing the graphics on css
(69:26 / All) Mangiafuoco: So...
(69:28 / All) Mangiafuoco: how's life
(69:46 / All) ADragonsHoard: Wonderful, I think I'll enjoy a turkey burger after this game
(69:48 / All) Mangiafuoco: only 3 buildings left
(69:50 / All) ADragonsHoard: and watch Drp1zza videos
(69:58 / All) Mangiafuoco: i
(70:00 / All) Mangiafuoco: idk what
(70:03 / All) Mangiafuoco: dr pizza
(70:04 / All) Mangiafuoco: is
(70:09 / All) ADragonsHoard: The greatest youtube personality
(70:17 / All) Mangiafuoco: better than dunkey?
(70:21 / All) ADragonsHoard: Unfortunately me and a frenemy ruined him
(70:28 / All) ADragonsHoard: Yes
(70:28 / All) Mangiafuoco: although dunkey's video quality has gone down
(70:40 / All) ADragonsHoard: I like the guide to girls videos
(70:49 / All) ADragonsHoard: His golden videos are scarce
(70:53 / All) ADragonsHoard: he took them all down
(70:57 / All) ADragonsHoard: when he became self conscious
(71:06 / All) ADragonsHoard: he made a video threatening to turn me into the FBI
(71:11 / All) ADragonsHoard: but he addressed it to someone else
(71:24 / All) ADragonsHoard: I made a fake female account on myspace
(71:33 / All) ADragonsHoard: and was giving him number to hundreds of niggers that hit on her
(71:40 / All) ADragonsHoard: so he had to change his number
(71:50 / All) ADragonsHoard: Dunkey is intentionally funny
(72:26 / All) ADragonsHoard: Drp1zza tried to be funny but he was amusing for other reasons
(72:26 / All) i-am-NAZl: that would be soo awkward playing a girl guys hitn on u
(72:37 / All) ADragonsHoard: I played WoW for 9 hours total
(72:41 / All) ADragonsHoard: I made a female character
(72:48 / All) ADragonsHoard: dudes randomly came up gave me stuff
(72:50 / All) ADragonsHoard: and helped me level
(72:57 / All) ADragonsHoard: this dude did that, never said a word
(73:02 / All) ADragonsHoard: just like added me to the party I guess
(73:05 / All) ADragonsHoard: on my low character
(73:11 / All) ADragonsHoard: gave me items and helped me level
(73:22 / All) i-am-NAZl: freaks
(73:28 / All) i-am-NAZl: creps
(73:41 / All) ADragonsHoard: check out my collages: www.angrypeons.deviantart.com
(76:36 / All) ADragonsHoard: Drp1zza though won't let anyone upload his old videos
(76:41 / All) ADragonsHoard: he files DMCA claims
(77:33 / All) ADragonsHoard: he has an encyclopediadramatica page but it's really inaccurate
(78:00 / All) ADragonsHoard: and they stole my gif too and never gave me credit
(78:03 / All) ADragonsHoard: the throat cutting gif
(78:04 / All) ADragonsHoard: bastards
(79:39 / All) ADragonsHoard: Alright
(79:45 / All) ADragonsHoard: I trust that I got all your guys stuff
(79:53 / All) ADragonsHoard: I spent more than 20k in reveal so far
(79:59 / All) i-am-NAZl: yup
(80:24 / All) ADragonsHoard: I trust that this is complete, I wish you all the best of luck
(80:28 / All) ADragonsHoard: May this game never die!
(80:31 / All) ADragonsHoard: Farewell